 Dungeon Crawl Stone Soup version 0.20-a0-509-ga2a529b (webtiles) character file.

210 Kaname the Charmwright (level 5, 0/57 HPs)
             Began as a Demonspawn Skald on Jan 22, 2017.
             Was a Follower of Vehumet.
             Succumbed to an adder's poison
             ... on level 3 of the Dungeon.
             The game lasted 00:11:33 (4014 turns).

Kaname the Charmwright (Demonspawn Skald)           Turns: 4014, Time: 00:11:34

Health: 0/57       AC: 22    Str: 17    XL:     5   Next: 56%
Magic:  4/8        EV:  2    Int: 15    God:    Vehumet [*.....]
Gold:   122        SH:  0    Dex: 12    Spells: 4/8 levels left

rFire    . . .     SeeInvis .   m - +0 halberd
rCold    . . .     Gourm    .   (armour currently unavailable)
rNeg     + + +     Faith    .   (shield currently unavailable)
rPois    +         Spirit   .   (helmet currently unavailable)
rElec    .         Reflect  .   (cloak currently unavailable)
rCorr    .         Harm     .   (gloves currently unavailable)
MR       .....     NoTele   +   (boots currently unavailable)
Stlth    +.........             (no amulet)
Regen    0.2/turn               (no ring)
                                (no ring)

@: mighty, lethally poisoned (0 -> -2), tree-form, very slightly contaminated
A: (claws 0), rot immunity
a: Renounce Religion


You were on level 3 of the Dungeon.
You worshipped Vehumet.
Vehumet was aware of your devotion.
You were not hungry.
You were a tree.
You visited 1 branch of the dungeon, and saw 3 of its levels.

You collected 122 gold pieces.

Inventory:

Hand Weapons
 m - a +0 halberd (weapon)
 n - a +0 blowgun
Missiles
 p - 19 poisoned needles
Armour
 b - a +0 leather armour
 i - a +0 pair of gloves (melded)
 j - a cursed -1 leather armour (melded)
Scrolls
 a - a scroll of fear {unknown}
 e - a scroll of amnesia {unknown}
 f - a scroll of immolation {unknown}
 k - a scroll of magic mapping {unknown}
 o - a scroll of enchant armour {unknown}
 s - a scroll of identify
Potions
 g - 2 potions of lignification
 q - a potion of curing {unknown}
Books
 c - a book of Battle

   Spells                             Type                      Level
   a - Infusion                       Charms                       1
   b - Shroud of Golubria             Charms/Translocation         2
   c - Song of Slaying                Charms                       2
   d - Spectral Weapon                Hexes/Charms                 3
   e - Regeneration                   Charms/Necromancy            3
Comestibles
 d - 2 bread rations
 l - a meat ration
 r - a chunk of flesh


   Skills:
 - Level 2.0 Fighting
 + Level 2.2 Polearms
 - Level 0.8 Armour
 - Level 1.7 Dodging
 - Level 2.0 Spellcasting
 - Level 4.0 Hexes
 - Level 4.0 Charms


You had 4 spell levels left.
You knew the following spells:

 Your Spells              Type           Power        Failure   Level  Hunger
a - Infusion              Chrm           ##..         4%          1    #......
b - Spectral Weapon       Hex/Chrm       ##......     14%         3    ###....


Dungeon Overview and Level Annotations

Branches:
Dungeon (3/15)

Altars:
Fedhas
Gozag
Ru
Vehumet


Innate Abilities, Weirdness & Mutations

((You have sharp fingernails.))
You are immune to rotting.


Message History

You closely miss the adder.
The adder is heavily wounded.
You feel sick.
Your spectral weapon hits the adder!
You kill the adder!
Vehumet accepts your kill. The orc hits you with a short sword.
* * * LOW HITPOINT WARNING * * *
Unknown command.
The orc hits your spectral weapon with a short sword!
Your spectral weapon shares its damage with you!
* * * LOW HITPOINT WARNING * * *
You turn into a tree.
Your +0 pair of gloves melds into your body.
Your cursed -1 leather armour melds into your body.
Your roots penetrate the ground.
The orc barely misses your spectral weapon.
Unknown command.
It was a potion of might.
You feel very mighty all of a sudden.
You die...

# #### #....# #....
..# #....' #..# #.#
#....#
##..####.########.# #
#..................
#.#...####.########.#
###.#...####.# #.#
#..........#.# #.#
#.#.♣#.....# ####.#
#..(##.#.#######.....
#.o>.................
##.#####......##.##.#
#. ######.##.##.# #.
..#†##.#... ..
#.#.##.#### #.
..##.##.#.#...... #.
........).####..#


You could see an orc and a friendly spectral halberd.

Vanquished Creatures
  A howler monkey (D:3)
  4 gnolls
  5 adders
  3 worms
  A dart slug (D:3)
  3 leopard geckos
  A ball python (D:3)
  9 bats
  5 giant cockroaches
  10 hobgoblins
  2 quokkas (D:2)
  5 frilled lizards
  12 goblins
  4 kobolds
  7 rats
72 creatures vanquished.

Notes
Turn   | Place    | Note
-------+----------+-------------------------------------------
     0 | D:1      | Kaname the Demonspawn Skald began the quest for the Orb.
     0 | D:1      | Reached XP level 1. HP: 16/16 MP: 3/3
   373 | D:1      | Gained mutation: You have sharp fingernails. [demonic ancestry]
   373 | D:1      | Reached XP level 2. HP: 22/22 MP: 5/5
  1101 | D:2      | Gained mutation: You are immune to rotting. [demonic ancestry]
  1101 | D:2      | Reached XP level 3. HP: 27/27 MP: 2/6
  1208 | D:1      | Learned a level 3 spell: Spectral Weapon
  1467 | D:2      | Found a blossoming altar of Fedhas.
  1559 | D:2      | Reached skill level 1 in Hexes
  1767 | D:2      | Found a radiant altar of Vehumet.
  1776 | D:2      | Became a worshipper of Vehumet
  1828 | D:2      | Reached XP level 4. HP: 32/33 MP: 7/7
  1889 | D:2      | Found a sacrificial altar of Ru.
  2548 | D:2      | Reached * piety under Vehumet
  2548 | D:2      | Offered knowledge of Magic Dart by Vehumet.
  3332 | D:2      | Reached XP level 5. HP: 15/38 MP: 8/8
  3710 | D:3      | Found an opulent altar of Gozag.
  4012 | D:3      | HP: 1/38 [orc/short sword (4)]
  4014 | D:3      | Succumbed to an adder's poison

Vault maps used:
D:1:      zaba_arrival_water
D:2:      cheibrodos_greedy_goblins, old_standard_altar, lemuel_doored_altar,
          nicolae_ru_path_of_blood
D:3:      tso_metal_star, grunt_gozag_statues, first_bread

Skill      XL: |  1  2  3  4  5 |
---------------+----------------+-----
Polearms       | 2 |  2.2
Charms         | 3 4 |  4.0
Hexes          | 1 3 4 |  4.0
Fighting       | |  2.0
Armour         | |  0.8
Dodging        | |  1.7
Spellcasting   | |  2.0

Action                   |  1- 3 |  4- 6 || total
-------------------------+-------+-------++-------
Melee: Spear             |    98 |       ||    98
       Halberd           |    19 |   185 ||   204
 Fire: Blowgun           |       |    10 ||    10
 Cast: Infusion          |     4 |     5 ||     9
       Spectral Weapon   |       |     2 ||     2
  Use: Potion            |       |     5 ||     5
       Scroll            |       |     2 ||     2
 Stab: Sleeping          |       |     2 ||     2
  Eat: Chunk             |     3 |     8 ||    11
Armor: Leather armour    |    18 |    61 ||    79
Dodge: Dodged            |    44 |   111 ||   155
